3AA
WESTWOOD SIXSHOOTERS @ DURHAM RAPIERS
08/17/2034
 
TOP OF THE 1ST
Westwood Sixshooters batting - Pitching for Durham Rapiers : RHP Scott Thompson
Pitching: RHP Scott Thompson
Batting: RHB Wallace Bane 0-0: Called Strike
0-1: Ball
1-1: Called Strike
1-2: Strikes out looking
Batting: SHB Jin-yong Ch'oe 0-0: Called Strike
0-1: Ball
1-1: Foul Ball, location: 2F
1-2: Foul Ball, location: 2F
1-2: Fly out, F9 (Flyball, 89D)
Batting: RHB Simone Catalani 0-0: Ground out 3-1 (Groundball, 34S)
Top of the 1st over - 0 runs, 0 hits, 0 errors, 0 left on base; Westwood 0 - Durham 0
BOTTOM OF THE 1ST
Durham Rapiers batting - Pitching for Westwood Sixshooters : RHP José Blanco
Pitching: RHP José Blanco
Batting: RHB Lu-fang Koo 0-0: Called Strike
0-1: Ball
1-1: Called Strike
1-2: Ball
2-2: Reached on error, E6 (Groundball, 56)
Batting: RHB Huai-yi Yang 0-0: Called Strike
0-1: Swinging Strike
0-2: Fly out, F7 (Line Drive, 7LS)
Batting: RHB Juan Guzmán 0-0: Fly out, F9 (Flyball, 9)
Batting: RHB Mason Congdon 0-0: Foul Ball, location: 2F
0-1: Foul Ball, location: 2F
0-2: Strikes out swinging
Bottom of the 1st over - 0 runs, 0 hits, 1 error, 1 left on base; Westwood 0 - Durham 0
TOP OF THE 2ND
Westwood Sixshooters batting - Pitching for Durham Rapiers : RHP Scott Thompson
Batting: LHB David Muller 0-0: Called Strike
0-1: Ground out 3-1 (Groundball, 34S)
Batting: RHB George Cook 0-0: SINGLE (Groundball, 6MD)
Batting: RHB Cody Riddle 0-0: Ball
1-0: Foul Ball, location: 2F
1-1: Foul Ball, location: 2F
1-2: Reached on error, E5 (Groundball, 56S)
George Cook to second
Batting: SHB Julián Valentín 0-0: Reached on error, E5 (Groundball, 56)
George Cook to third
Cody Riddle to second
Batting: LHB Jorge Corella 0-0: Called Strike
0-1: Foul Ball, location: 2F
0-2: Ball
1-2: Ball
2-2: Ball
3-2: Foul Ball, location: 2F
3-2: Fly out, F9 (Flyball, 89S)
Runner from 3rd tags up, OUT at HOME
Top of the 2nd over - 0 runs, 1 hit, 2 errors, 2 left on base; Westwood 0 - Durham 0
BOTTOM OF THE 2ND
Durham Rapiers batting - Pitching for Westwood Sixshooters : RHP José Blanco
Batting: LHB Dante Aristizabal 0-0: Ground out U3 (Groundball, 3)
Batting: RHB Yoshi Kouda 0-0: Ball
1-0: Ball
2-0: Called Strike
2-1: Fly out, F8 (Line Drive, 8RM)
Batting: RHB Tso-i Wang 0-0: Foul Ball, location: 2F
0-1: Called Strike
0-2: Foul Ball, location: 2F
0-2: Ball
1-2: Foul Ball, location: 2F
1-2: Ground out 5-3 (Groundball, 56S)
Bottom of the 2nd over - 0 runs, 0 hits, 0 errors, 0 left on base; Westwood 0 - Durham 0
TOP OF THE 3RD
Westwood Sixshooters batting - Pitching for Durham Rapiers : RHP Scott Thompson
Batting: SHB José Tirado 0-0: Single, Error in OF, E9, batter to second base
Batting: RHB Wallace Bane 0-0: Ball
1-0: Ball
José Tirado is caught stealing 3rd base
2-0: SINGLE (Groundball, 6D)
Batting: SHB Jin-yong Ch'oe 0-0: Ball
1-0: Ball
2-0: Foul Ball, location: 2F
2-1: Called Strike
2-2: Ball
3-2: DOUBLE (Groundball, 3L)
Wallace Bane to third
Batting: RHB Simone Catalani 0-0: Called Strike
0-1: Called Strike
0-2: Fly out, F9 (Flyball, 9LSF)
Runner from 3rd tags up, SCORES, no throw
Batting: LHB David Muller 0-0: Ball
1-0: Ball
2-0: Ball
3-0: Called Strike
3-1: SINGLE (Groundball, 34D)
Jin-yong Ch'oe to third
Runner from 3rd tries for Home, throw and OUT!
Top of the 3rd over - 1 run, 4 hits, 1 error, 1 left on base; Westwood 1 - Durham 0
BOTTOM OF THE 3RD
Durham Rapiers batting - Pitching for Westwood Sixshooters : RHP José Blanco
Batting: SHB Rafael González 0-0: Ball
1-0: Fly out, F7 (Flyball, 78M)
Batting: RHB Harlan Thompson 0-0: Ball
1-0: Called Strike
1-1: Ground out 5-3 (Groundball, 56)
Batting: RHB Lu-fang Koo 0-0: Ball
1-0: Ball
2-0: Called Strike
2-1: Foul Ball, location: 2F
2-2: Foul Ball, location: 2F
2-2: Ball
3-2: Foul Ball, location: 2F
3-2: Strikes out swinging
Bottom of the 3rd over - 0 runs, 0 hits, 0 errors, 0 left on base; Westwood 1 - Durham 0
TOP OF THE 4TH
Westwood Sixshooters batting - Pitching for Durham Rapiers : RHP Scott Thompson
Batting: RHB George Cook 0-0: Ball
1-0: DOUBLE (Line Drive, 89M)
Batting: RHB Cody Riddle 0-0: Ball
1-0: Called Strike
1-1: SINGLE (Line Drive, 6MD)
George Cook to third
Runner from 3rd tries for Home, SAFE, no throw
Batting: SHB Julián Valentín 0-0: Ball
1-0: Foul Ball, location: 2F
1-1: Ball
2-1: DOUBLE (Flyball, 9LM)
Cody Riddle to third
Runner from 3rd tries for Home, SAFE, no throw
Batting: LHB Jorge Corella 0-0: Ball
1-0: Ball
2-0: Called Strike
2-1: Ball
3-1: Foul Ball, location: 2F
3-2: Fly out, F8 (Flyball, 78D)
Batting: SHB José Tirado 0-0: Ball
1-0: Called Strike
1-1: Called Strike
1-2: Fly out, F5 (Popup, 56S)
Batting: RHB Wallace Bane 0-0: Fly out, F7 (Line Drive, 78M)
Top of the 4th over - 2 runs, 3 hits, 0 errors, 1 left on base; Westwood 3 - Durham 0
BOTTOM OF THE 4TH
Durham Rapiers batting - Pitching for Westwood Sixshooters : RHP José Blanco
Batting: RHB Huai-yi Yang 0-0: Called Strike
0-1: Hit by Pitch
Batting: RHB Juan Guzmán 0-0: Called Strike
0-1: Called Strike
0-2: Ball
1-2: Ball
2-2: Fly out, F8 (Flyball, 89M)
Batting: RHB Mason Congdon 0-0: Ball
1-0: Ball
2-0: Fly out, F9 (Line Drive, 9D)
Batting: LHB Dante Aristizabal 0-0: Ball
1-0: Swinging Strike
1-1: Swinging Strike
1-2: Strikes out swinging
Bottom of the 4th over - 0 runs, 0 hits, 0 errors, 1 left on base; Westwood 3 - Durham 0
TOP OF THE 5TH
Westwood Sixshooters batting - Pitching for Durham Rapiers : RHP Scott Thompson
Batting: SHB Jin-yong Ch'oe 0-0: Ball
1-0: Ground out 4-3 (Groundball, 4)
Batting: RHB Simone Catalani 0-0: Called Strike
0-1: Ball
1-1: Ground out 5-3 (Groundball, 56S)
Batting: LHB David Muller 0-0: Ball
1-0: Called Strike
1-1: Ground out 4-3 (Groundball, 4)
Top of the 5th over - 0 runs, 0 hits, 0 errors, 0 left on base; Westwood 3 - Durham 0
BOTTOM OF THE 5TH
Durham Rapiers batting - Pitching for Westwood Sixshooters : RHP José Blanco
Batting: RHB Yoshi Kouda 0-0: Called Strike
0-1: Ground out 5-3 (Groundball, 56)
Batting: RHB Tso-i Wang 0-0: SINGLE (Flyball, 9LS)
Batting: SHB Rafael González 0-0: Called Strike
Tso-i Wang steals 2nd base
0-1: Swinging Strike
0-2: Ball
1-2: SINGLE (Groundball, 56) (infield hit)
Tso-i Wang to third
Batting: RHB Harlan Thompson 0-0: Foul Ball, location: 2F
0-1: Ball
1-1: Foul Ball, location: 2F
1-2: Strikes out looking
Batting: RHB Lu-fang Koo 0-0: Ball
1-0: Foul Ball, location: 2F
1-1: Called Strike
1-2: Strikes out swinging
Bottom of the 5th over - 0 runs, 2 hits, 0 errors, 2 left on base; Westwood 3 - Durham 0
TOP OF THE 6TH
Westwood Sixshooters batting - Pitching for Durham Rapiers : RHP Scott Thompson
Batting: RHB George Cook 0-0: Called Strike
0-1: Ball
1-1: SINGLE (Groundball, 6MD)
Batting: RHB Cody Riddle 0-0: Bunted foul
0-1: Ball
1-1: Sac Bunt - play at first, batter OUT! 3-4
George Cook to second
Batting: SHB Julián Valentín 0-0: Foul Ball, location: 2F
0-1: SINGLE (Line Drive, 7LS)
George Cook to third
Batting: LHB Jorge Corella 0-0: Fly out, F7 (Line Drive, 7)
Batting: SHB José Tirado 0-0: Ball
1-0: Fielders Choice at 2nd, 5-4 (Groundball, 56)
Top of the 6th over - 0 runs, 2 hits, 0 errors, 2 left on base; Westwood 3 - Durham 0
BOTTOM OF THE 6TH
Durham Rapiers batting - Pitching for Westwood Sixshooters : RHP José Blanco
Batting: RHB Huai-yi Yang 0-0: Called Strike
0-1: Ball
1-1: Ground out 5-3 (Groundball, 5)
Batting: RHB Juan Guzmán 0-0: Called Strike
0-1: Swinging Strike
0-2: Foul Ball, location: 2F
0-2: Foul Ball, location: 2F
0-2: Ground out 5-3 (Groundball, 56S)
Batting: RHB Mason Congdon 0-0: Called Strike
0-1: Ball
1-1: SINGLE (Groundball, 6MD)
Batting: LHB Dante Aristizabal 0-0: Ball
1-0: Ball
2-0: Swinging Strike
2-1: DOUBLE (Line Drive, 9LM)
Mason Congdon to third
Batting: RHB Yoshi Kouda 0-0: Called Strike
0-1: Ball
1-1: Ball
2-1: SINGLE (Groundball, P) (infield hit)
Mason Congdon scores
Dante Aristizabal to third
Batting: RHB Tso-i Wang 0-0: Ball
1-0: Ball
2-0: Ball
3-0: Called Strike
3-1: Swinging Strike
3-2: Strikes out swinging
Bottom of the 6th over - 1 run, 3 hits, 0 errors, 2 left on base; Westwood 3 - Durham 1
TOP OF THE 7TH
Westwood Sixshooters batting - Pitching for Durham Rapiers : RHP Scott Thompson
Batting: RHB Wallace Bane 0-0: Called Strike
0-1: Ball
1-1: Ball
2-1: Called Strike
2-2: Ball
3-2: Foul Ball, location: 2F
3-2: Fly out, F9 (Flyball, 89D)
Batting: SHB Jin-yong Ch'oe 0-0: Ball
1-0: Called Strike
1-1: Ball
2-1: Called Strike
2-2: Foul Ball, location: 2F
2-2: Ball
3-2: Strikes out looking
Batting: RHB Simone Catalani 0-0: Called Strike
0-1: Foul Ball, location: 2F
0-2: Ball
1-2: Ball
2-2: Ball
3-2: Ground out 3-1 (Groundball, 34)
Top of the 7th over - 0 runs, 0 hits, 0 errors, 0 left on base; Westwood 3 - Durham 1
BOTTOM OF THE 7TH
Durham Rapiers batting - Pitching for Westwood Sixshooters : RHP José Blanco
Batting: SHB Rafael González 0-0: Foul Ball, location: 2F
0-1: SOLO HOME RUN (Flyball, 9LD), Distance : 361 ft
Batting: RHB Harlan Thompson 0-0: Ball
1-0: Called Strike
1-1: Ball
2-1: Ground out 3-1 (Groundball, 34S)
Batting: RHB Lu-fang Koo 0-0: Called Strike
0-1: Called Strike
0-2: Ball
1-2: Ball
2-2: Strikes out swinging
Batting: RHB Huai-yi Yang 0-0: Called Strike
0-1: Foul Ball, location: 2F
0-2: Ball
1-2: Fly out, F7 (Flyball, 78S)
Bottom of the 7th over - 1 run, 1 hit, 0 errors, 0 left on base; Westwood 3 - Durham 2
TOP OF THE 8TH
Westwood Sixshooters batting - Pitching for Durham Rapiers : RHP Scott Thompson
Pitching: RHP Arturo Durán
Batting: LHB David Muller 0-0: Ball
1-0: Ball
2-0: Called Strike
2-1: Foul Ball, location: 2F
2-2: Foul Ball, location: 2F
2-2: Strikes out swinging
Batting: RHB George Cook 0-0: Called Strike
0-1: Called Strike
0-2: Ground out 1-3 (Groundball, 13)
Batting: RHB Cody Riddle 0-0: Called Strike
0-1: Ball
1-1: Swinging Strike
1-2: SOLO HOME RUN (Flyball, 7D), Distance : 378 ft
Batting: SHB Julián Valentín 0-0: Ball
1-0: Called Strike
1-1: Swinging Strike
1-2: Foul Ball, location: 2F
1-2: Ground out 6-3 (Groundball, 6)
Top of the 8th over - 1 run, 1 hit, 0 errors, 0 left on base; Westwood 4 - Durham 2
BOTTOM OF THE 8TH
Durham Rapiers batting - Pitching for Westwood Sixshooters : RHP José Blanco
Batting: RHB Juan Guzmán 0-0: Ball
1-0: Fly out, F7 (Line Drive, 7S)
Pitching: LHP Christian Clayton
Batting: RHB Mason Congdon 0-0: Ball
1-0: Called Strike
1-1: Ball
2-1: Foul Ball, location: 2F
2-2: Ball
3-2: Base on Balls
Batting: LHB Dante Aristizabal 0-0: Called Strike
0-1: Called Strike
0-2: Ball
1-2: Foul Ball, location: 2F
1-2: Fly out, F7 (Flyball, 7S)
Batting: RHB Yoshi Kouda 0-0: SINGLE (Flyball, 89M)
Mason Congdon to second
Runner from 2nd tries for 3rd, SAFE, no throw
Batting: RHB Tso-i Wang 0-0: Fielders Choice at 2nd, 6-4 (Groundball, 6)
Bottom of the 8th over - 0 runs, 1 hit, 0 errors, 2 left on base; Westwood 4 - Durham 2
TOP OF THE 9TH
Westwood Sixshooters batting - Pitching for Durham Rapiers : RHP Arturo Durán
Batting: LHB Jorge Corella 0-0: Swinging Strike
0-1: Foul Ball, location: 2F
0-2: Ball
1-2: Ball
2-2: Strikes out swinging
Batting: SHB José Tirado 0-0: Ball
1-0: Ball
2-0: Ground out 5-3 (Groundball, 5)
Batting: RHB Wallace Bane 0-0: Ground out 6-3 (Groundball, 6)
Top of the 9th over - 0 runs, 0 hits, 0 errors, 0 left on base; Westwood 4 - Durham 2
BOTTOM OF THE 9TH
Durham Rapiers batting - Pitching for Westwood Sixshooters : LHP Christian Clayton
Pitching: LHP Maurice Hilliard
Batting: SHB Rafael González 0-0: Fly out, F6 (Flyball, 56D)
Batting: RHB Harlan Thompson 0-0: Swinging Strike
0-1: SINGLE (Groundball, 56D)
Batting: RHB Lu-fang Koo 0-0: Swinging Strike
0-1: Called Strike
0-2: Ball
1-2: Fly out, F3 (Line Drive, 34)
Lined into DP, U3 (Line Drive, 34)
Bottom of the 9th over - 0 runs, 1 hit, 0 errors, 0 left on base; Westwood 4 - Durham 2
Friday, March 29th, 2019 - OOTP Baseball 18.8 Build 76